 Dungeon Crawl Stone Soup version 0.31.0-32-g396128a36d (webtiles) character file.

Game seed: 16096176086524787132

31 601d51SH the Grasshopper (level 3, 0/31 HPs)
             Began as a Gnoll Warper on Mar 31, 2024.
             Slain by a kobold
             ... wielding a +0 club
              (4 damage)
             ... on level 1 of the Dungeon.
             The game lasted 00:01:11 (762 turns).

601d51SH the Grasshopper (Gnoll Warper)              Turns: 762, Time: 00:01:12

Health: 0/31       AC:  5    Str: 12    XL:     3   Next: 22%
Magic:  9/9        EV: 12    Int: 12    God:
Gold:   50         SH:  0    Dex: 17    Spells: 12/12 levels left

rFire   . . .        a - +0 falchion
rCold   . . .        (no shield)
rNeg    . . .        f - +0 ring mail
rPois   .            (no helmet)
rElec   .            (no cloak)
rCorr   .            (no gloves)
SInv    .            (no boots)
Will    .....        (no amulet)
Stlth   +            k - +6 ring of dexterity
HPRegen 0.25/turn    (no ring)
MPRegen 0.11/turn

%: no passive effects
@: no status effects
A: fangs 1, strong nose, distributed training
a: no special abilities


You were on level 1 of the Dungeon.
You visited 1 branch of the dungeon, and saw 2 of its levels.

You collected 50 gold pieces.

Inventory:

Hand Weapons
 a - a +0 falchion (weapon)
Missiles
 d - 7 darts of dispersal (quivered)
 e - 5 poisoned darts
Armour
 b - a +0 leather armour
 f - a +0 ring mail (worn)
Jewellery
 k - a +6 ring of dexterity (left hand)
Scrolls
 c - a scroll of blinking
 g - a scroll of teleportation {unknown}
 i - 2 scrolls of revelation {unknown}
 l - a scroll of enchant weapon {unknown}
 m - a scroll of identify {unknown}
Potions
 h - a potion of ambrosia {unknown}
 j - a potion of magic {unknown}


   Skills:
 + Level 4.5 Fighting
 + Level 0.7 Short Blades
 + Level 4.5 Long Blades
 + Level 0.7 Axes
 + Level 0.7 Maces & Flails
 + Level 0.7 Polearms
 + Level 0.7 Staves
 + Level 0.7 Ranged Weapons
 + Level 2.6 Throwing
 + Level 2.6 Armour
 + Level 4.5 Dodging
 + Level 0.7 Stealth
 + Level 0.7 Shields
 + Level 0.7 Unarmed Combat
 + Level 5.0 Spellcasting
 + Level 0.5 Conjurations
 + Level 0.5 Hexes
 + Level 0.5 Summonings
 + Level 0.5 Necromancy
 + Level 5.4 Translocations
 + Level 0.5 Fire Magic
 + Level 0.5 Ice Magic
 + Level 0.5 Air Magic
 + Level 0.5 Earth Magic
 + Level 0.5 Alchemy
 + Level 0.9 Invocations
 + Level 0.7 Evocations
 + Level 0.6 Shapeshifting


You had 12 spell levels left.
You didn't know any spells.
Your spell library contained the following spells:

 Spells                   Type           Power      Damage    Failure   Level
 Blink                    Tloc           32%        N/A       7%          2
 Lesser Beckoning         Tloc           32%        N/A       7%          2
 Teleport Other           Tloc           16%        N/A       14%         3
 Slow                     Hex            16%        N/A       34%         1
 Manifold Assault         Tloc           16%        N/A       43%         4
 Confusing Touch          Hex            4%         N/A       71%         3
 Sigil of Binding         Hex            4%         N/A       71%         3
 Vampiric Draining        Necr           4%         2d6       71%         3
 Vhi's Electric Charge    Tloc/Air       20%        N/A       78%         4


Dungeon Overview and Level Annotations

Branches:
Dungeon (2/15)

Altars:


Innate Abilities, Weirdness & Mutations

You have very sharp teeth.
Your uncanny sense of smell can sniff out nearby items.
Your experience applies equally to all skills.


Message History

The gnoll is lightly wounded.
The kobold hits you with a +0 club.
The gnoll hits you from afar with a +0 spear.
The gnoll misses you.
You are too injured to fight recklessly!
There is a shaft here.
The gnoll hits you but does no damage.
The gnoll falls through a shaft!
The shaft crumbles and collapses.
There is a stone staircase leading up here.
The gnoll barely misses you. The kobold hits you but does no damage.
You climb upwards.
There is a stone staircase leading down here.
You hit the gnoll but do no damage. You bite the gnoll.
The gnoll is moderately wounded.
The gnoll hits you with a +0 club. The kobold hits you with a +0 club.
You hit the gnoll.
The gnoll is heavily wounded.
The gnoll hits you with a +0 club.
* * * LOW HITPOINT WARNING * * *
The kobold hits you with a +0 club.
* * * LOW HITPOINT WARNING * * *
You hit the gnoll.
The gnoll is severely wounded.
The gnoll barely misses you. The kobold hits you with a +0 club.
* * * LOW HITPOINT WARNING * * *
You hit the gnoll. You bite the gnoll, but do no damage.
The gnoll is almost dead.
The gnoll closely misses you. The kobold hits you but does no damage.
You closely miss the gnoll.
The gnoll is almost dead.
The gnoll barely misses you. The kobold hits you with a +0 club.
* * * LOW HITPOINT WARNING * * *
You barely miss the gnoll.
The gnoll is almost dead.
The gnoll hits you but does no damage. The kobold hits you with a +0 club.
* * * LOW HITPOINT WARNING * * *
You hit the gnoll.
You kill the gnoll!
The kobold hits you with a +0 club.
You die...

##.#.#......#.#.###.# #.#
#.###.......#....##.####.# .##
##......#..#....รท....#####
..###(#.....##...##.####.....#
#..#.##.............# #.###.#
#.#.####.........#### #.# #.#
#.#.# #...#####.# #.# #.#
..#.####...# #K# #.###.##
....)......# #@# ##.##...##
.....#####.# #)# ##....###.##
#.#..# #.#####.# ##.....####.#
.....# #.......# #.......# #.#
.....# ####.#### ##.....####.#
.....# #># ##....###..# .....#
#.# #####.##...#.# ...#.# #.#
#......)..##.# .....## #.#
#.##########.#


You could see a kobold.

Vanquished Creatures
  A gnoll (D:1)
  A dart slug (D:1)
  7 ball pythons (D:1)
  2 bats (D:1)
  4 endoplasms (D:1)
  2 goblins (D:1)
  3 hobgoblins (D:1)
  A quokka (D:1)
  4 kobolds (D:1)
  A rat (D:1)
26 creatures vanquished.

Notes
Turn   | Place    | Note
-------+----------+-------------------------------------------
     0 | D:1      | 601d51SH the Gnoll Warper began the quest for the Orb.
     0 | D:1      | Reached XP level 1. HP: 20/20 MP: 6/6
   154 | D:1      | Reached XP level 2. HP: 10/26 MP: 7/7
   462 | D:1      | Reached skill level 5 in Spellcasting
   462 | D:1      | Reached XP level 3. HP: 28/31 MP: 7/9
   762 | D:1      | Slain by a kobold

Illustrated notes

Levels and vault maps discovered:
D:1:      doesnt_arrival_eight_statues, layout_loops_ring
D:2:      layout_basic, nicolae_grassy_gnolls

Skill      XL: |  1  2 |
---------------+-------+-----
Spellcasting   | 5 |  5.0
Fighting       | |  4.5
Short Blades   | |  0.7
Long Blades    | |  4.5
Axes           | |  0.7
Maces & Flails | |  0.7
Polearms       | |  0.7
Staves         | |  0.7
Ranged Weapons | |  0.7
Throwing       | |  2.6
Armour         | |  2.6
Dodging        | |  4.5
Stealth        | |  0.7
Shields        | |  0.7
Unarmed Combat | |  0.7
Conjurations   | |  0.5
Hexes          | |  0.5
Summonings     | |  0.5
Necromancy     | |  0.5
Translocations | |  5.4
Fire Magic     | |  0.5
Ice Magic      | |  0.5
Air Magic      | |  0.5
Earth Magic    | |  0.5
Alchemy        | |  0.5
Invocations    | |  0.9
Evocations     | |  0.7
Shapeshifting  | |  0.6

Action                     || total
---------------------------++-------
  Melee: Falchion          ||    87
         Bite              ||     9
         Punch             ||     1
 Armour: Ring mail         ||    96
         Leather armour    ||     1
  Dodge: Dodged            ||    56
